 Dungeon Crawl Stone Soup version 0.17-a0-1701-gf693a3f (webtiles) character file.

36 Gargoyl the Skirmisher (level 3, 0/29 HPs)
             Began as a Demonspawn Abyssal Knight on Aug 21, 2015.
             Was a Follower of Lugonu.
             Slain by a kobold
             ... wielding a cursed +0 short sword
              (1 damage)
             ... on level 2 of the Dungeon.
             The game lasted 00:02:22 (2070 turns).

Gargoyl the Skirmisher (Demonspawn Abyssal Knight)  Turns: 2070, Time: 00:02:22

Health: 0/29       AC:  3    Str: 13    XL:     3   Next: 19%
Magic:  5/5        EV: 11    Int: 13    God:    Lugonu [*.....]
Gold:   62         SH:  0    Dex: 12    Spells: 0 memorised, 2 levels left

rFire  + . .     SeeInvis .     a - +1 hand axe
rCold  . . .     Clarity  .     b - +0 leather armour
rNeg   . . .     SustAt   .     (no shield)
rPois  .         Gourm    .     (no helmet)
rElec  .         Spirit   .     (no cloak)
rCorr  .         Warding  .     (no gloves)
rMut   .         Stasis   .     (no boots)
MR     .....                    (no amulet)
Stlth  ++........               (no ring)
                                j - ring of protection from fire

@: not resistant to hostile enchantments, unstealthy
A: nightstalker 1
a: Depart the Abyss, Renounce Religion


You were on level 2 of the Dungeon.
You worshipped Lugonu.
Lugonu was aware of your devotion.
You were not hungry.

You visited 1 branch of the dungeon, and saw 2 of its levels.
You visited the Abyss 1 time.

You collected 62 gold pieces.

Inventory:

Hand weapons
 a - a +1 hand axe (weapon)
Missiles
 k - 48 stones (quivered)
Armour
 b - a +0 leather armour (worn)
Jewellery
 j - a ring of protection from fire (left hand)
Scrolls
 d - a scroll of recharging {unknown}
 e - 3 scrolls of random uselessness {unknown}
 g - 3 scrolls of enchant weapon {unknown}
 h - a scroll of teleportation {unknown}
 m - a scroll of noise {unknown}
 q - a scroll of remove curse {unknown}
Potions
 f - a potion of magic
 i - 2 potions of agility {unknown}
 n - a potion of poison {unknown}
 o - a potion of cancellation {unknown}
 p - a potion of cure mutation {unknown}
Comestibles
 c - 3 bread rations
 l - a meat ration
 r - 5 chunks of flesh


   Skills:
 + Level 3.4 Fighting
 + Level 2.0 Axes
 + Level 2.1 Armour
 + Level 1.4 Dodging
 + Level 0.2 Stealth
 + Level 2.9 Invocations


You had 2 spell levels left.
You didn't know any spells.

Dungeon Overview and Level Annotations

Branches:
Dungeon (2/15)

Altars:


Innate Abilities, Weirdness & Mutations

You are slightly more attuned to the shadows.


Message History

Things that are here:
a hobgoblin skeleton; an adder skeleton You start resting.
A kobold comes into view. It is wielding a short sword.
The kobold shouts!
The kobold hits you with a short sword.
* * * LOW HITPOINT WARNING * * *
You closely miss the kobold. The kobold hits you with a short sword.
* * * LOW HITPOINT WARNING * * *
You barely miss the kobold. The kobold hits you with a short sword.
* * * LOW HITPOINT WARNING * * *
You hit the kobold but do no damage. The kobold hits you with a short sword.
* * * LOW HITPOINT WARNING * * *
The kobold closely misses you.
You closely miss the kobold. The kobold misses you.
You closely miss the kobold. The kobold closely misses you.
Drink which item? (? for menu, Esc to quit)
It was a potion of magic.
Magic courses through your body. The kobold hits you with a short sword.
You die...

.....................
#####.###..####.##....#.
#...............##.####.
#.###.#.....###.#######.
##.#.....#........... #
#........#.#.##......
..#.##..###.###...........
........###.# ####.#......
........K@..# #.#...[..
##.###..##### #.#...... #
.....# #.######.#.###..
####.## #..........# ###
#.# #.######.### #.# #.#
#.# #.# #.# #.#
#.####.######.#
#..............


You could see a kobold.

Vanquished Creatures
  An adder (D:2)
  4 giant geckos
  4 hobgoblins
  4 kobolds (D:1)
  A ball python (D:1)
  3 bats
  A giant cockroach (D:2)
  2 giant newts (D:2)
  5 rats
25 creatures vanquished.

Notes
Turn   | Place    | Note
--------------------------------------------------------------
     0 | Abyss:1  | Gargoyl the Demonspawn Abyssal Knight began the quest for the Orb.
     0 | Abyss:1  | Reached XP level 1. HP: 18/18 MP: 2/2
    90 | Abyss:1  | Noticed a quasit
    94 | Abyss:1  | Noticed a raiju
    95 | D:1      | Escaped the Abyss
   670 | D:1      | Reached skill level 1 in Dodging
   849 | D:1      | Gained mutation: You are slightly more attuned to the shadows. [demonic ancestry]
   849 | D:1      | Reached XP level 2. HP: 22/24 MP: 3/3
  1198 | D:1      | Acquired Lugonu's first power
  2020 | D:2      | Reached XP level 3. HP: 15/29 MP: 5/5
  2067 | D:2      | HP: 1/29 [kobold/short sword (3)]
  2070 | D:2      | Slain by a kobold

Vault maps used:
D:1:      minmay_arrival_jagged, patterned_corridor
D:2:      first_bread, uniq_terence

Action                   || total
-------------------------++-------
Melee: Hand axe          ||    73
Invok: Depart the Abyss  ||     1
  Use: Potion            ||     1
 Stab: Sleeping          ||     3
  Eat: Bread ration      ||     1
       Chunk             ||     1
